Match 41696744
Unlisted

Match 41696744
End
Pioneer Squad
Construct Infanterie Kompanie
Selects Mechanized Battlegroup
Grenadier Squad
Grenadier Squad
Construct Panzergrenadier Kompanie
251 Medium Carrier
Medical Bunker
Pak 40 Anti-tank Gun Team
Selects Raid Package
Panzergrenadier Squad
Selects 8 Rad Armored Car
Construct Panzer Kompanie
Selects UNKNOWN (2160084)
Stoßtruppen Squad
Stoßtruppen Squad
Selects UNKNOWN (2160084)
Selects Mobile Repair Stations
Panzer IV Medium Tank
Fruti2k
Gosling Svodovich
KotJ44
Sniper Ste
Ediger
quant
0
0

Comments sign in to comment!

No comments posted yet!